 Dungeon Crawl Stone Soup version 0.24-a0-160-gfa3a8d6 (webtiles) character file.

Game seed: 7924426810688550678

92 galech the Skirmisher (level 4, -4/35 HPs)
             Began as a Demonspawn Fighter on Mar 5, 2019.
             Slain by Natasha (8 damage)
             ... on level 2 of the Dungeon.
             The game lasted 00:02:08 (1406 turns).

galech the Skirmisher (Demonspawn Fighter)          Turns: 1406, Time: 00:02:09

Health: -4/35      AC:  8    Str: 19 (21) XL:     4   Next: 35%
Magic:  4/4        EV:  7    Int: 12 (14) God:
Gold:   103        SH:  9    Dex: 11 (13) Spells: 3/3 levels left

rFire    + . .     SeeInvis .   a - +0 war axe
rCold    . . .     Gourm    .   c - +0 shield
rNeg     . . .     Faith    .   e - +0 scale mail {rF+}
rPois    .         Spirit   .   (helmet restricted)
rElec    .         Reflect  .   h - +0 cloak
rCorr    .         Harm     .   (no gloves)
MR       .....                  (no boots)
Stlth    ..........             n - amulet of the acrobat
HPRegen  0.11/turn              s - +4 ring of intelligence
MPRegen  0.09/turn              (no ring)

@: mighty, slowed, very slow
A: horns 1, powered by pain 1, rot immunity
a: no special abilities


You were on level 2 of the Dungeon.
You were not hungry.

You visited 1 branch of the dungeon, and saw 2 of its levels.

You collected 103 gold pieces.

Inventory:

Hand Weapons
 a - a +0 war axe (weapon)
Armour
 c - a +0 shield (worn)
 e - a +0 scale mail of fire resistance (worn)
 h - a +0 cloak (worn)
Jewellery
 n - an amulet of the acrobat (around neck)
 s - a +4 ring of intelligence (left hand)
Wands
 t - a wand of flame (8)
Scrolls
 i - 3 scrolls of enchant armour {unknown}
 j - a scroll of enchant weapon {unknown}
 k - a scroll of blinking {unknown}
 l - a scroll of magic mapping {unknown}
 m - 2 scrolls of identify {unknown}
 o - a scroll of teleportation {unknown}
 p - 2 scrolls of remove curse {unknown}
Potions
 b - a potion of magic {unknown}
 d - a potion of might
 q - 2 potions of haste {unknown}
 r - 2 potions of heal wounds {unknown}
Comestibles
 f - 2 rations
 g - 4 chunks of flesh


   Skills:
 + Level 3.5 Fighting
 + Level 2.6 Axes
 + Level 3.2 Armour
 + Level 0.5 Dodging
 + Level 3.3 Shields


You had 3 spell levels left.
You didn't know any spells.
Your spell library was empty.

Dungeon Overview and Level Annotations

Branches:
Dungeon (2/15)

Altars:
Elyvilon
Zin
The Shining One

Annotations:
D:2 Natasha


Innate Abilities, Weirdness & Mutations

You have a pair of small horns on your head.
You sometimes gain a little power by taking damage.
You are immune to rotting.


Message History

You closely miss Natasha. Natasha barely misses you.
You closely miss Natasha. Natasha claws you!
Natasha mumbles some strange words.
Natasha shimmers violently.
Natasha claws you but does no damage. You block Natasha's attack.
You hit Natasha but do no damage. You block Natasha's attack.
Natasha mewls in sadness.
You block Natasha's attack.
Your shield prevents you from hitting Natasha.
You feel less wooden.
Your +0 cloak unmelds from your body.
Your +0 scale mail of fire resistance unmelds from your body.
You feel resistant to fire. Natasha claws you!
You focus on the pain.
You feel very mighty all of a sudden. You block Natasha's attack.
Natasha claws you!
* * * LOW HITPOINT WARNING * * *
You barely miss Natasha. Natasha claws you!
* * * LOW HITPOINT WARNING * * *
Natasha claws you!
You die...

#.......# #.. #.......# #..
####.######.. #......###
#.####.##. #.####.#..
######## #####...##....
#....h.# #.......##.... # #@#
#.###.#.#..... #### #.
###.###.###.........
.>#####.##..........##.......
#.#......(#..###.##.##.####..
###.#.##..#..#.# #.##.##.#
##. #..............#
#.......# ## #.#.#.#####.####
####.#### ## .##.#.#.#####.#
#.# #. ......#.!.....#
##.#### #.


You could see Natasha.

Vanquished Creatures
  Terence (D:2)
  An adder (D:2)
  A dart slug (D:2)
  A leopard gecko (D:1)
  An orc (D:2)
  A ball python (D:1)
  4 bats
  3 giant cockroaches
  7 hobgoblins
  12 jackals
  A quokka (D:2)
  6 goblins
  3 kobolds
  5 rats
47 creatures vanquished.

Notes
Turn   | Place    | Note
-------+----------+-------------------------------------------
     0 | D:1      | galech the Demonspawn Fighter began the quest for the Orb.
     0 | D:1      | Reached XP level 1. HP: 18/18 MP: 1/1
   173 | D:1      | Gained mutation: You have a pair of small horns on your
                  | head. [demonic ancestry]
   173 | D:1      | Reached XP level 2. HP: 24/24 MP: 2/2
   315 | D:1      | Gained mutation: You sometimes gain a little power by
                  | taking damage. [demonic ancestry]
   315 | D:1      | Reached XP level 3. HP: 21/29 MP: 3/3
   695 | D:2      | Noticed Terence
   864 | D:2      | Killed Terence
   864 | D:2      | Gained mutation: You are immune to rotting. [demonic
                  | ancestry]
   864 | D:2      | Reached XP level 4. HP: 34/35 MP: 4/4
  1016 | D:2      | Found a glowing silver altar of Zin.
  1018 | D:2      | Found a glowing golden altar of the Shining One.
  1026 | D:2      | Found a white marble altar of Elyvilon.
  1390 | D:2      | Noticed Natasha
  1406 | D:2      | Slain by Natasha

Levels and vault maps discovered:
D:1:      shiori_arrival_oz, layout_rooms, minmay_tetromino_t4
D:2:      layout_loops_cross, good_gods_mini_temple, uniq_terence, uniq_natasha

Skill      XL: |  1  2  3 |
---------------+----------+-----
Shields        | 3 |  3.3
Axes           | 2 |  2.6
Armour         | 3 |  3.2
Fighting       | |  3.5
Dodging        | |  0.5

Action                   |  1- 3 |  4- 6 || total
-------------------------+-------+-------++-------
Melee: War axe           |   102 |    49 ||   151
       Headbutt          |    11 |     7 ||    18
  Use: Potion            |     3 |       ||     3
  Eat: Chunk             |       |     2 ||     2
Armor: Scale mail        |    65 |    17 ||    82
       Skin              |       |     4 ||     4
Dodge: Dodged            |    36 |    13 ||    49
Block: Shield            |    53 |    18 ||    71

Table legend:
 A = Non-vault XP
 B = Vault XP
 C = Vault XP percentage of total XP
 D = Non-vault monster count
 E = Vault monster count
 F = Vault count percentage of total count
                 A         B        C        D         E       F
            +---------+---------+-------+---------+---------+-------
      Total |      89 |      43 |  32.6 |      42 |       5 |  10.6
            +---------+---------+-------+---------+---------+-------
        D:1 |      42 |       7 |  14.3 |      23 |       4 |  14.8
        D:2 |      47 |      36 |  43.4 |      19 |       1 |   5.0
            +---------+---------+-------+---------+---------+-------
